 Dungeon Crawl Stone Soup version 0.28-a0-1199-gef9e1dbd39 (webtiles) character file.

Game seed: 924887274264375351

51 Gargoyl the Skirmisher (level 3, -4/35 HPs)
             Began as a Gnoll Abyssal Knight on Dec 19, 2021.
             Was a Follower of Lugonu.
             Slain by Robin (7 damage)
             ... on level 2 of the Dungeon.
             The game lasted 00:01:37 (1552 turns).

Gargoyl the Skirmisher (Gnoll Abyssal Knight)       Turns: 1552, Time: 00:01:37

Health: -4/35      AC: 10    Str: 14    XL:     3   Next: 83%
Magic:  6/6        EV:  6    Int: 11    God:    Lugonu [*.....]
Gold:   69         SH:  3    Dex: 12    Spells: 4/4 levels left

rFire   + . .      SeeInvis .   a - +1 hand axe
rCold   . . .      Faith    .   b - +0 buckler
rNeg    + . .      Spirit   .   c - +0 chain mail
rPois   .          Reflect  .   h - +0 helmet
rElec   .          Harm     .   (no cloak)
rCorr   .          Rampage  .   (no gloves)
Will    .....      Clarity  +   (no boots)
Stlth   ..........              (no amulet)
HPRegen 0.11/turn               e - ring of positive energy
MPRegen 0.10/turn               g - ring of protection from fire

@: mighty
A: fangs 1, strong nose, distributed training, claws 1, clarity, clever 1
a: Renounce Religion, Depart the Abyss


You were on level 2 of the Dungeon.
You worshipped Lugonu.
Lugonu was aware of your devotion.
You visited 1 branch of the dungeon, and saw 2 of its levels.
You visited the Abyss 1 time.

You collected 69 gold pieces.

Inventory:

Hand Weapons
 a - a +1 hand axe (weapon)
Armour
 b - a +0 buckler (worn)
 c - a +0 chain mail (worn)
 h - a +0 helmet (worn)
Jewellery
 e - a ring of positive energy (left claw)
 g - a ring of protection from fire (right claw)
Scrolls
 d - a scroll of torment {unknown}
 i - a scroll of blinking {unknown}
Potions
 f - 2 potions of mutation
 k - a potion of curing


   Skills:
 + Level 6.5 Fighting
 + Level 1.0 Short Blades
 + Level 1.0 Long Blades
 + Level 4.6 Axes
 + Level 1.0 Maces & Flails
 + Level 1.0 Polearms
 + Level 1.0 Staves
 + Level 1.0 Slings
 + Level 1.0 Bows
 + Level 1.0 Crossbows
 + Level 1.0 Throwing
 + Level 4.6 Armour
 + Level 2.6 Dodging
 + Level 1.0 Stealth
 + Level 1.0 Shields
 + Level 1.0 Unarmed Combat
 + Level 1.0 Spellcasting
 + Level 0.7 Conjurations
 + Level 0.7 Hexes
 + Level 0.7 Summonings
 + Level 0.7 Necromancy
 + Level 0.7 Translocations
 + Level 0.7 Transmutations
 + Level 0.7 Fire Magic
 + Level 0.7 Ice Magic
 + Level 0.7 Air Magic
 + Level 0.7 Earth Magic
 + Level 0.7 Poison Magic
 + Level 4.6 Invocations
 + Level 1.0 Evocations


You had 4 spell levels left.
You didn't know any spells.
Your spell library contained the following spells:

 Spells                   Type           Power      Damage    Failure   Level
 Beastly Appendage        Tmut           4%         N/A       100%        1
 Wereblood                Tmut           2%         N/A       100%        2
 Spider Form              Tmut/Pois      2%         N/A       100%        3


Dungeon Overview and Level Annotations

Branches:
Dungeon (2/15)

Altars:

Annotations:
D:2 Robin


Innate Abilities, Weirdness & Mutations

You have very sharp teeth.
Your uncanny sense of smell can sniff out nearby items.
Your experience applies equally to all skills.
You have sharp fingernails.
You possess an exceptional clarity of mind.
Your mind is acute. (Int +2)


Message History

Your Bows skill increases to level 1!
Your Crossbows skill increases to level 1!
Your Throwing skill increases to level 1!
Your Stealth skill increases to level 1!
Your Shields skill increases to level 1!
Your Unarmed Combat skill increases to level 1!
Your Spellcasting skill increases to level 1!
Your Evocations skill increases to level 1!
It was a potion of mutation.
You feel extremely strange.
Your fingernails lengthen.
Your thoughts seem clearer.
You feel clever.
You feel sick. The goblin hits you but does no damage.
Robin hits you but does no damage. The goblin hits you but does no damage.
You feel sick. The goblin hits you with a +0 dagger.
* * * LOW HITPOINT WARNING * * *
Robin barely misses you.
Unknown command.
It was a potion of might.
You feel very mighty all of a sudden.
You feel sick.
You are no longer poisoned.
The goblin barely misses you. Robin throws the goblin at you!
* * * LOW HITPOINT WARNING * * *
The goblin hits you but does no damage.
It was a potion of curing.
You feel better. The goblin hits you with a +0 dagger.
* * * LOW HITPOINT WARNING * * *
Robin says, "My goblins will feast on your bones."
Robin barely misses you. The goblin barely misses you.
You hit Robin. You bite Robin, but do no damage.
Robin is moderately wounded.
You barely miss the goblin. You slash the goblin!
You kill the goblin!
Lugonu accepts your kill. Robin hits you with a +0 trident.
* * * LOW HITPOINT WARNING * * *
The goblin hits you but does no damage.
You slash Robin!
Robin is severely wounded.
You completely miss the goblin. Robin hits you with a +0 trident!
You die...

.. #...#.......#.#.###
...###.<..............
........#..............
...........#.##....
.........#........
........!#...## ..
......#..#)###
.##..###.)g#
........)@#
.........g..#
.............. ∆
................
...........#....
...........#....
............ ...
.........#.. ..


You could see Robin and a goblin (strong).

Vanquished Creatures
  A dart slug (D:1)
  3 ball pythons
  A bat (D:1)
  2 endoplasms (D:1)
  A giant cockroach (D:2)
  2 hobgoblins (D:2)
  A quokka (D:1)
  2 frilled lizards (D:1)
  14 goblins
  4 kobolds
  2 rats (D:1)
33 creatures vanquished.

Vanquished Creatures (collateral kills)
  An adder (D:2)
  A giant cockroach (D:2)
  A ball python (D:2)
3 creatures vanquished.

Grand Total: 36 creatures vanquished

Notes
Turn   | Place    | Note
-------+----------+-------------------------------------------
     0 | Abyss:1  | Gargoyl the Gnoll Abyssal Knight began the quest for the
                  | Orb.
     0 | Abyss:1  | Reached XP level 1. HP: 23/23 MP: 3/3
    65 | Abyss:1  | Found a hide-covered altar of Uskayaw.
   138 | Abyss:1  | Noticed a small abomination
   158 | D:1      | Escaped the Abyss
   470 | D:1      | Reached XP level 2. HP: 29/29 MP: 5/5
   630 | D:1      | Reached * piety under Lugonu
  1478 | D:2      | Reached XP level 3. HP: 34/35 MP: 6/6
  1535 | D:2      | Noticed Robin
  1547 | D:2      | Reached skill level 1 in Short Blades
  1547 | D:2      | Reached skill level 1 in Long Blades
  1547 | D:2      | Reached skill level 1 in Maces & Flails
  1547 | D:2      | Reached skill level 1 in Polearms
  1547 | D:2      | Reached skill level 1 in Staves
  1547 | D:2      | Reached skill level 1 in Slings
  1547 | D:2      | Reached skill level 1 in Bows
  1547 | D:2      | Reached skill level 1 in Crossbows
  1547 | D:2      | Reached skill level 1 in Throwing
  1547 | D:2      | Reached skill level 1 in Stealth
  1547 | D:2      | Reached skill level 1 in Shields
  1547 | D:2      | Reached skill level 1 in Unarmed Combat
  1547 | D:2      | Reached skill level 1 in Spellcasting
  1547 | D:2      | Reached skill level 1 in Evocations
  1547 | D:2      | Gained mutation: You have sharp fingernails. [potion of
                  | mutation]
  1547 | D:2      | Gained mutation: You possess an exceptional clarity of
                  | mind. [potion of mutation]
  1547 | D:2      | Gained mutation: Your mind is acute. (Int +2) [potion of
                  | mutation]
  1552 | D:2      | Slain by Robin

Illustrated notes

Levels and vault maps discovered:
D:1:      scummos_arrival_simple_fountains, layout_basic, minmay_tiny_reverse_x
D:2:      layout_rooms, basic_ecumenical_altar, uniq_robin

Skill      XL: |  1  2  3 |
---------------+----------+-----
Short Blades   | 1 |  1.0
Long Blades    | 1 |  1.0
Maces & Flails | 1 |  1.0
Polearms       | 1 |  1.0
Staves         | 1 |  1.0
Slings         | 1 |  1.0
Bows           | 1 |  1.0
Crossbows      | 1 |  1.0
Throwing       | 1 |  1.0
Stealth        | 1 |  1.0
Shields        | 1 |  1.0
Unarmed Combat | 1 |  1.0
Spellcasting   | 1 |  1.0
Evocations     | 1 |  1.0
Fighting       | |  6.5
Axes           | |  4.6
Armour         | |  4.6
Dodging        | |  2.6
Conjurations   | |  0.7
Hexes          | |  0.7
Summonings     | |  0.7
Necromancy     | |  0.7
Translocations | |  0.7
Transmutations | |  0.7
Fire Magic     | |  0.7
Ice Magic      | |  0.7
Air Magic      | |  0.7
Earth Magic    | |  0.7
Poison Magic   | |  0.7
Invocations    | |  4.6

Action                   || total
-------------------------++-------
Melee: Hand axe          ||    73
       Bite              ||     7
Invok: Depart the Abyss  ||     1
  Use: Potion            ||     3
       Scroll            ||     1
Armor: Chain mail        ||    58
Dodge: Dodged            ||    19
Block: Buckler           ||     7

Table legend: (Time is in decaauts)
 A = Elapsed time spent in this place.
 B = Non-inter-level travel time spent in this place.
 C = Inter-level travel time spent in this place.
 D = Time resting spent in this place.
 E = Time spent auto-exploring this place.
 F = Levels seen in this place.
 G = Mean time per level.
                   A        B        C        D        E       F      G
               +--------+--------+--------+--------+--------+-----+--------+
         Total |   1561 |   1511 |     50 |      0 |   1214 |   3 |  520.3 |
       Dungeon |   1402 |   1352 |     50 |      0 |   1095 |   2 |  701.0 |
         Abyss |    159 |    159 |      0 |      0 |    119 |   1 |  159.0 |
               +--------+--------+--------+--------+--------+-----+--------+

Top non-repeatable levels by time:
     D:1: 1315 daAuts
 Abyss:1: 159 daAuts
     D:2: 87 daAuts
